 Dungeon Crawl Stone Soup version 0.27-a0-1200-g94dc6ad4cf (webtiles) character file.

Game seed: 11490918366103253981

569 Froggeryz the Chiller (level 6, -6/45 HPs)
             Began as a Demigod Ice Elementalist on May 29, 2021.
             Mangled by Menkaure (23 damage)
             ... on level 5 of the Dungeon.
             The game lasted 00:04:57 (4690 turns).

Froggeryz the Chiller (Demigod Ice Elementalist)    Turns: 4690, Time: 00:04:58

Health: -6/45      AC:  3    Str:  9    XL:     6   Next: 85%
Magic:  6/15       EV: 12    Int: 25    God:
Gold:   63         SH:  0    Dex: 14    Spells: 9/13 levels left

rFire    . . .     SeeInvis .   n - +1 whip (venom)
rCold    . . .     Faith    .   (no shield)
rNeg     . . .     Spirit   .   a - +0 robe
rPois    .         Reflect  .   (no helmet)
rElec    .         Harm     .   (no cloak)
rCorr    .         Rampage  .   (no gloves)
Will     .....                  g - +0 pair of boots
Stlth    ++........             (no amulet)
HPRegen  0.15/turn              (no ring)
MPRegen  0.14/turn              (no ring)

@: freezing walls
A: high mp 1, forlorn
a: no special abilities


You were on level 5 of the Dungeon.
You visited 1 branch of the dungeon, and saw 5 of its levels.

You collected 147 gold pieces.
You spent 84 gold pieces at shops.

Inventory:

Hand Weapons
 n - a +1 whip of venom (weapon)
Armour
 a - a +0 robe (worn)
 g - a +0 pair of boots (worn)
Wands
 j - a wand of flame (15)
Scrolls
 b - 2 scrolls of vulnerability {unknown}
 c - a scroll of enchant weapon {unknown}
 l - 2 scrolls of enchant armour {unknown}
 m - a scroll of immolation {unknown}
 q - a scroll of teleportation
 r - a scroll of fear
 t - a scroll of amnesia {unknown}
Potions
 d - a potion of heal wounds
 e - a potion of invisibility
 f - a potion of might {unknown}
 h - a potion of resistance {unknown}
 i - a potion of lignification {unknown}
 k - a potion of mutation {unknown}
 o - a potion of degeneration {unknown}
 p - a potion of curing {unknown}
 s - a potion of cancellation {unknown}


   Skills:
 - Level 1.7 Dodging
 - Level 1.7 Stealth
 + Level 4.0 Spellcasting
 * Level 6.8 Ice Magic


You had 9 spell levels left.
You knew the following spells:

 Your Spells              Type           Power      Damage    Failure   Level
a - Freeze                Ice            100%       1d11      1%          1
b - Frozen Ramparts       Ice            78%        1d9       1%          3

Your spell library contained the following spells:

 Spells                   Type           Power      Damage    Failure   Level
 Ozocubu's Armour         Ice            39%        N/A       1%          3
 Summon Small Mammal      Summ           20%        N/A       9%          1
 Call Imp                 Summ           5%         N/A       14%         2
 Hailstorm                Conj/Ice       22%        3d7       22%         4
 Summon Ice Beast         Ice/Summ       22%        N/A       22%         4
 Call Canine Familiar     Summ           5%         N/A       26%         3
 Summon Guardian Golem    Hex/Summ       5%         N/A       26%         3
 Metabolic Englaciation   Hex/Ice        11%        N/A       54%         5
 Summon Lightning Spire   Summ/Air       5%         N/A       65%         4


Dungeon Overview and Level Annotations

Branches:
Dungeon (5/15)             Temple (0/1) D:4

Shops:
D:3 ?   D:4 [

Annotations:
D:5 Menkaure


Innate Abilities, Weirdness & Mutations

Your attributes grow dramatically as you level up.
You have an increased reservoir of magic. (+10% MP)
You shall have no god before yourself.


Message History

The wall freezes the water moccasin skeleton.
Casting: Freeze (safe; 1% risk of failure)
Confirm with . or Enter, or press ? or * to list all spells.
Aiming: Freeze (safe; 1% risk of failure)
Press: ? - help, Shift-Dir - straight line, f/p - Menkaure
Aim: Menkaure (severely damaged, fast)
You freeze Menkaure.
Menkaure resists.
Menkaure is severely damaged.
The water moccasin skeleton resists.
The wall freezes the water moccasin skeleton.
Menkaure resists.
The wall freezes Menkaure.
Menkaure hits you!!
Ouch! That really hurt!
* * * LOW HITPOINT WARNING * * *
Casting: Freeze (safe; 1% risk of failure)
Confirm with . or Enter, or press ? or * to list all spells.
Aiming: Freeze (safe; 1% risk of failure)
Press: ? - help, Shift-Dir - straight line, f/p - Menkaure
Aim: Menkaure (almost destroyed, fast)
You freeze Menkaure but do no damage.
Menkaure completely resists.
The water moccasin skeleton resists.
The wall freezes the water moccasin skeleton.
Menkaure completely resists.
The wall freezes Menkaure but does no damage.
Menkaure closely misses you.
You feel much better.
The water moccasin skeleton completely resists.
The wall freezes the water moccasin skeleton but does no damage.
Menkaure completely resists.
The wall freezes Menkaure but does no damage.
Menkaure calls on the powers of darkness!
Your body is wracked with pain!
You hit Menkaure but do no damage.
Menkaure is almost destroyed.
The water moccasin skeleton completely resists.
The wall freezes the water moccasin skeleton but does no damage.
Menkaure resists.
The wall freezes Menkaure.
Menkaure giggles, "These cerements are ticklish..."
Menkaure hits you!!
Ouch! That really hurt!
You die...

.# .. .#.#
##.#.# ##..#.#
# .Z.... ...
#M##.# ....#
#@##.# #
....!$#)##.##.#
#...))).......#
#.#.######.##.#
#.##.# #.##.#
#.##.# #.##>#
#.##.#


You could see Menkaure (fast) and a water moccasin skeleton.

Vanquished Creatures
  An orc warrior (D:3)
  A kobold brigand (D:5)
  2 scorpions (D:4)
  3 hounds
  An orc wizard (D:3)
  5 adders
  2 worms
  3 dart slugs
  8 orcs
  5 ball pythons
  6 bats
  8 endoplasms
  2 giant cockroaches
  8 goblins
  6 hobgoblins
  20 jackals
  2 quokkas
  5 frilled lizards
  17 kobolds
  5 rats
110 creatures vanquished.

Notes
Turn   | Place    | Note
-------+----------+-------------------------------------------
     0 | D:1      | Froggeryz the Demigod Ice Elementalist began the quest for
                  | the Orb.
     0 | D:1      | Reached XP level 1. HP: 14/14 MP: 5/5
   291 | D:1      | Reached XP level 2. HP: 20/20 MP: 5/7
   320 | D:1      | Reached skill level 4 in Ice Magic
   974 | D:2      | Reached XP level 3. HP: 26/26 MP: 3/9
  1673 | D:2      | Learned a level 3 spell: Frozen Ramparts
  2187 | D:3      | Reached XP level 4. HP: 30/33 MP: 8/10
  2302 | D:3      | Reached skill level 5 in Ice Magic
  2983 | D:3      | Noticed an orc warrior
  3142 | D:3      | Killed an orc warrior
  3143 | D:3      | Reached XP level 5. HP: 29/38 MP: 5/12
  3256 | D:3      | Found Oxogezay's Magic Scroll Boutique.
  3264 | D:3      | Bought a scroll of teleportation for 39 gold pieces
  3264 | D:3      | Bought a scroll of fear for 45 gold pieces
  3575 | D:4      | Reached skill level 6 in Ice Magic
  3635 | D:4      | Found Niptuff's Armour Shoppe.
  3654 | D:4      | Reached XP level 6. HP: 28/45 MP: 11/14
  4259 | D:4      | Found a staircase to the Ecumenical Temple.
  4588 | D:5      | Entered Level 5 of the Dungeon
  4667 | D:5      | Noticed Menkaure
  4690 | D:5      | Mangled by Menkaure

Illustrated notes

Levels and vault maps discovered:
D:1:      dpeg_arrival_court, layout_basic, basic_ecumenical_altar
D:2:      layout_rooms, hangedman_decor_diamond_cutter
D:3:      layout_basic, serial_shops, shop
D:4:      layout_basic, minmay_temple_entry_drinking_statues, serial_shops, shop
D:5:      layout_loops_ring, uniq_menkaure

Skill      XL: |  1  2  3  4  5  6 |
---------------+-------------------+-----
Spellcasting   | 2 3 4 |  4.0
Ice Magic      | 4 5 6 |  6.8
Dodging        | |  1.7
Stealth        | |  1.7

Action                   |  1- 3 |  4- 6 || total
-------------------------+-------+-------++-------
Melee: Unarmed           |    21 |       ||    21
       Spear             |    12 |    13 ||    25
       Whip              |       |    80 ||    80
 Cast: Freeze            |    78 |    20 ||    98
       Frozen Ramparts   |       |    10 ||    10
  Use: Scroll            |       |     2 ||     2
       Potion            |       |     2 ||     2
 Stab: Sleeping          |     3 |     1 ||     4
Armor: Robe              |    13 |    16 ||    29
Dodge: Dodged            |    51 |    62 ||   113

Table legend: (Time is in decaauts)
 A = Elapsed time spent in this place.
 B = Non-inter-level travel time spent in this place.
 C = Inter-level travel time spent in this place.
 D = Time resting spent in this place.
 E = Time spent auto-exploring this place.
 F = Levels seen in this place.
 G = Mean time per level.
                   A        B        C        D        E       F      G
               +--------+--------+--------+--------+--------+-----+--------+
         Total |   4699 |   4582 |    117 |    361 |   3578 |   5 |  939.8 |
       Dungeon |   4699 |   4582 |    117 |    361 |   3578 |   5 |  939.8 |
               +--------+--------+--------+--------+--------+-----+--------+

Top non-repeatable levels by time:
     D:3: 1384 daAuts
     D:2: 1183 daAuts
     D:4: 1074 daAuts
     D:1: 953 daAuts
     D:5: 102 daAuts
